 Dungeon Crawl Stone Soup version 0.19-a0-1619-gaef71b8 (webtiles) character file.

466 TheGoonsmith the Cleaver (level 7, -5/61 HPs)
             Began as a Hill Orc Gladiator on Sept 17, 2016.
             Slain by a mummy (11 damage)
             ... in an ossuary.
             The game lasted 00:05:59 (2187 turns).

TheGoonsmith the Cleaver (Hill Orc Gladiator)       Turns: 2187, Time: 00:06:00

Health: -5/61      AC:  6    Str: 19    XL:     7   Next: 8%
Magic:  7/7        EV: 10    Int:  8    God:
Gold:   132        SH:  0    Dex: 12    Spells: 0 memorised, 6 levels left

rFire  . . .     SeeInvis .     a - +0 war axe
rCold  . . .     Gourm    .     v - +0 scale mail
rNeg   . . .     Faith    .     (no shield)
rPois  .         Spirit   .     c - +0 helmet
rElec  .         Dismiss  .     x - -2 cloak
rCorr  .         Reflect  .     (no gloves)
MR     .....     Harm     .     (no boots)
Stlth  ..........               (no amulet)
                                (no ring)
                                (no ring)

@: no status effects
A: no striking features
a: no special abilities


You were in an ossuary.
You were not hungry.

You visited 1 branch of the dungeon, and saw 4 of its levels.
You also visited: Ossuary.

You collected 132 gold pieces.

Inventory:

Hand Weapons
 a - a +0 war axe (weapon)
Missiles
 d - 3 throwing nets (quivered)
Armour
 b - a +0 leather armour
 c - a +0 helmet (worn)
 i - a +0 leather armour
 v - a +0 scale mail (worn)
 x - a -2 cloak (worn)
Jewellery
 g - an uncursed ring of ice
Scrolls
 k - a scroll of remove curse
 l - 2 scrolls of teleportation
 r - a scroll of amnesia {unknown}
 t - a scroll of recharging
 w - a scroll of blinking {unknown}
Potions
 q - 2 potions of brilliance
 s - 2 potions of flight
Comestibles
 j - a meat ration


   Skills:
 + Level 5.5 Fighting
 * Level 8.6 Axes
 - Level 1.7 Throwing
 - Level 2.4 Dodging


You had 6 spell levels left.
You didn't know any spells.

Dungeon Overview and Level Annotations

Branches:
Dungeon (4/15)
 Temple: D:4-7

Altars:
Cheibriados
Trog


Message History

You slash the mummy!
You destroy the mummy!
You barely miss the mummy. You hit the mummy but do no damage.
You barely miss the big kobold zombie. The mummy hits you but does no damage.
The big kobold zombie hits you.
* * * LOW HITPOINT WARNING * * *
Unknown command.
You hit the mummy but do no damage. You slash the big kobold zombie!
You hit the mummy. You barely miss the mummy. The mummy hits you!
* * * LOW HITPOINT WARNING * * *
The mummy closely misses you.
The big kobold zombie hits you but does no damage.
Unknown command.
Okay, then.
You slash the mummy!
The mummy is heavily damaged.
You hit the mummy. x2; You slash the big kobold zombie!
You destroy the big kobold zombie!
The mummy hits you!
You die...

#....#
#....#
#....#
#....#
#....#
#....#
#....#
#.M..#
#M@M.#
######


You could see 3 mummies.

Vanquished Creatures
  The ghost of AlphabetPasta the Cudgeler, a novice GrMo (D:4)
  Jessica (D:2)
  Terence (D:2)
  A big kobold zombie (Ossuary)
  A mummy (Ossuary)
  Robin (D:2)
  An adder (D:2)
  4 gnolls (D:2)
  A worm (D:2)
  2 dart slugs
  A leopard gecko (D:2)
  5 bats
  3 giant cockroaches
  12 goblins
  14 hobgoblins
  3 quokkas (D:2)
  2 frilled lizards (D:2)
  A gnoll zombie (Ossuary)
  A hobgoblin zombie (Ossuary)
  5 kobolds
  A kobold zombie (Ossuary)
  4 orc zombies (Ossuary)
  4 rats
70 creatures vanquished.

Vanquished Creatures (others)
  A plant (D:2)
1 creature vanquished.

Grand Total: 71 creatures vanquished

Notes
Turn   | Place    | Note
-------+----------+-------------------------------------------
     0 | D:1      | TheGoonsmith the Hill Orc Gladiator began the quest for the Orb.
     0 | D:1      | Reached XP level 1. HP: 18/18 MP: 1/1
    57 | D:1      | Reached XP level 2. HP: 24/25 MP: 2/2
   642 | D:2      | Reached skill level 5 in Axes
   642 | D:2      | Reached XP level 3. HP: 25/31 MP: 3/3
   666 | D:2      | Noticed Jessica
   670 | D:2      | Killed Jessica
   676 | D:2      | Noticed Robin
   696 | D:2      | Reached XP level 4. HP: 32/38 MP: 4/4
   736 | D:2      | Killed Robin
  1076 | D:2      | Reached skill level 6 in Axes
  1364 | D:2      | Noticed Terence
  1381 | D:2      | Killed Terence
  1381 | D:2      | Reached XP level 5. HP: 39/46 MP: 5/5
  1813 | D:3      | Found a bloodstained altar of Trog.
  1860 | D:4      | Found a snail-covered altar of Cheibriados.
  1888 | D:4      | Found a sand-covered staircase.
  1888 | D:4      | Noticed AlphabetPasta's ghost (novice GrMo)
  1907 | D:4      | Killed AlphabetPasta's ghost
  1907 | D:4      | Reached skill level 5 in Fighting
  1907 | D:4      | Reached skill level 8 in Axes
  1907 | D:4      | Reached XP level 6. HP: 17/56 MP: 6/6
  1994 | Ossuary  | Entered an ossuary
  2032 | Ossuary  | Reached XP level 7. HP: 43/61 MP: 7/7
  2187 | Ossuary  | Slain by a mummy

Vault maps used:
D:1:      dpeg_arrival_refuge
D:2:      wad_woods_settlement, uniq_jessica, uniq_terence, uniq_robin
D:3:      minmay_diamond_boxcup, nicolae_overflow_crystal_walls, first_bread
D:4:      lemuel_coloured_pillars_altar, lightli_ossuary_entry_decrepit_ruins,
          minivault_25
Ossuary:  ossuary_tomb_3

Skill      XL: |  1  2  3  4  5 |
---------------+----------------+-----
Fighting       | 3 4 5 |  5.5
Axes           | 5 6 8 |  8.6
Throwing       | |  1.7
Dodging        | |  2.4

Action                   |  1- 3 |  4- 6 |  7- 9 || total
-------------------------+-------+-------+-------++-------
Melee: War axe           |    49 |   152 |    18 ||   219
  Use: Scroll            |       |     8 |     1 ||     9
       Potion            |       |     2 |     4 ||     6
 Stab: Invisible         |       |     6 |       ||     6
  Eat: Chunk             |       |     3 |       ||     3
       Bread ration      |       |     1 |       ||     1
Armor: Leather armour    |    12 |    43 |       ||    55
       Scale mail        |       |     9 |     8 ||    17
Dodge: Dodged            |    34 |   116 |    13 ||   163
